 Dungeon Crawl Stone Soup version 0.30.1-4-g462c640d31 (webtiles) character file.

Game seed: 16499512897842978749

92 Kurtz the Chopper (level 4, 0/28 HPs)
             Began as a Tengu Fighter on Sept 16, 2023.
             Slain by an orc
             ... wielding a +0 war axe
              (5 damage)
             ... on level 2 of the Dungeon.
             The game lasted 00:02:14 (1425 turns).

Kurtz the Chopper (Tengu Fighter)                   Turns: 1425, Time: 00:02:15

Health: 0/28       AC:  9    Str: 18    XL:     4   Next: 60%
Magic:  5/5        EV:  7    Int:  8    God:
Gold:   112        SH:  5    Dex: 14    Spells: 3/3 levels left

rFire   . . .        a - +0 war axe
rCold   . . .        c - +0 buckler
rNeg    . . .        o - +0 chain mail
rPois   .            (helmet restricted)
rElec   .            u - scarf {shadows}
rCorr   .            (no gloves)
SInv    .            (boots unavailable)
Will    .....        k - amulet of faith Stlth
                     (no ring)
HPRegen 0.24/turn    (no ring)
MPRegen 0.09/turn

%: faith
@: no status effects
A: beak, talons 3
a: no special abilities


You were on level 2 of the Dungeon.
You visited 1 branch of the dungeon, and saw 3 of its levels.

You collected 112 gold pieces.

Inventory:

Hand Weapons
 a - a +0 war axe (weapon)
Missiles
 e - 2 poisoned darts (quivered)
 g - 8 javelins
Armour
 b - a +0 scale mail
 c - a +0 buckler (worn)
 l - a +0 cloak
 o - a +0 chain mail (worn)
 u - a scarf of shadows (worn)
Jewellery
 k - an amulet of faith (around neck)
 r - an amulet of magic regeneration
Wands
 q - a wand of paralysis (7)
Scrolls
 f - a scroll of acquirement {unknown}
 h - 2 scrolls of teleportation {unknown}
 j - a scroll of blinking {unknown}
 n - 2 scrolls of identify {unknown}
 p - a scroll of enchant weapon {unknown}
Potions
 d - 2 potions of might
 i - a potion of attraction {unknown}
 m - a potion of mutation {unknown}
 s - a potion of curing {unknown}
 t - a potion of resistance {unknown}


   Skills:
 - Level 3.0 Fighting
 * Level 5.1 Axes
 - Level 3.2 Armour
 - Level 3.0 Shields


You had 3 spell levels left.
You didn't know any spells.
Your spell library was empty.

Dungeon Overview and Level Annotations

Branches:
Dungeon (3/15)

Altars:

Shops:
D:1 [   D:2 =


Innate Abilities, Weirdness & Mutations

You have a beak for a mouth.
You have claws for feet.


Message History

There is a stone staircase leading up here.
No target in view!
The orc priest hits you but does no damage.
You closely miss the orc priest. You peck the orc priest.
The orc priest is moderately wounded.
The orc priest hits you but does no damage.
The orc priest invokes the aid of Beogh against you.
Beogh smites you!
You closely miss the orc priest. You peck the orc priest.
The orc priest is moderately wounded.
The orc priest closely misses you.
You closely miss the orc priest.
You claw the orc priest, but do no damage.
You peck the orc priest.
The orc priest is severely wounded.
The orc priest hits you but does no damage.
You hit the orc priest. Your kick misses the orc priest.
The orc priest is almost dead.
The orc priest calls down the wrath of Beogh upon you.
Pain shoots through your body!
You barely miss the orc priest. Your kick misses the orc priest.
The orc priest is almost dead.
The orc priest calls down the wrath of Beogh upon you.
Beogh smites you!
* * * LOW HITPOINT WARNING * * *
Unknown command.
The orc attacks as you move away! The orc hits you but does no damage.
The orc wizard mumbles some strange words.
The orc wizard flickers and vanishes!
Deactivating autopickup; reactivate with Ctrl-A.
The orc attacks as you move away! The orc barely misses you.
There is a stone staircase leading up here.
You block the orc's attack.
You climb upwards.
Reactivating autopickup.
There is a stone staircase leading down here.
You hit the orc. Your kick misses the orc.
The orc is heavily wounded.
The orc hits you with a +0 war axe.
You die...

######## #......#
#......# #......#
#......# ##.o....#
###########..[@...#
#..............[..#
#...<.....####.####
###.........# #.#
............# #.#
............# #.#
###.........# #.# #
######.#######.##
########..###.....#


You could see an orc.

Vanquished Creatures
  Robin (D:2)
  An adder (D:2)
  3 worms (D:2)
  A dart slug (D:1)
  2 orcs
  3 endoplasms
  2 giant cockroaches
  9 goblins
  8 hobgoblins
  7 jackals
  7 bats
  A frilled lizard (D:2)
  3 kobolds
  4 rats
52 creatures vanquished.

Notes
Turn   | Place    | Note
-------+----------+-------------------------------------------
     0 | D:1      | Kurtz the Tengu Fighter began the quest for the Orb.
     0 | D:1      | Reached XP level 1. HP: 14/14 MP: 2/2
   101 | D:1      | Found Roxt's Antique Armour Shoppe.
   144 | D:1      | Reached skill level 3 in Axes
   144 | D:1      | Reached XP level 2. HP: 19/19 MP: 3/3
   437 | D:1      | Reached XP level 3. HP: 23/23 MP: 4/4
   704 | D:2      | HP: 1/23 [poisoned by an adder]
   707 | D:2      | Reached skill level 4 in Axes
   822 | D:2      | Found Hegh's Jewellery Shop.
   880 | D:2      | Noticed Robin
   892 | D:2      | Killed Robin
   893 | D:2      | Reached XP level 4. HP: 26/28 MP: 5/5
  1094 | D:2      | Reached skill level 5 in Axes
  1425 | D:2      | Slain by an orc

Illustrated notes

Levels and vault maps discovered:
D:1:      dpeg_arrival_tiny_i, layout_loops_ring, serial_shops, shop
D:2:      layout_rooms, serial_shops, shop, hex_tiny, uniq_robin
D:3:      layout_basic, vehumet_crystals, uniq_sigmund

Skill      XL: |  1  2  3  4 |
---------------+-------------+-----
Axes           | 3 4 5 |  5.1
Fighting       | |  3.0
Armour         | |  3.2
Shields        | |  3.0

Action                     |  1- 3 |  4- 6 || total
---------------------------+-------+-------++-------
  Melee: War axe           |    77 |    48 ||   125
         Kick              |    16 |    12 ||    28
         Peck              |     7 |     9 ||    16
    Use: Potion            |     1 |       ||     1
 Armour: Scale mail        |    37 |     2 ||    39
         Chain mail        |       |    24 ||    24
  Dodge: Dodged            |    43 |    13 ||    56
  Block: Buckler           |    13 |     6 ||    19
